 Dungeon Crawl Stone Soup version 0.29.1-12-g30fa7ad0bf (webtiles) character file.

Game seed: 10841712977550541202

10418 KittyFluff the Basher (level 11, 0/66 HPs)
             Began as a Gargoyle Fighter on Dec 28, 2022.
             Was an Elder of Trog.
             Killed from afar by a gargoyle (14 damage)
             ... with a stone arrow
             ... on level 10 of the Dungeon.
             The game lasted 00:58:48 (13248 turns).

KittyFluff the Basher (Gargoyle Fighter)           Turns: 13248, Time: 00:58:48

Health: 0/66       AC: 30    Str: 22    XL:     11   Next: 61%
Magic:  11/11      EV: 12    Int:  9    God:    Trog [****..]
Gold:   500        SH:  7    Dex: 23    Spells: 10/10 levels left

rFire   . . .      SeeInvis .   a - +2 flail (protect)
rCold   . . .      Faith    .   c - +0 buckler
rNeg    + . .      Spirit   .   b - +0 scale mail
rPois   ∞          Reflect  .   B - +0 helmet
rElec   +          Harm     .   w - +2 cloak
rCorr   .          Rampage  .   t - +0 pair of gloves
Will    ++...                   (no boots)
Stlth   +.........              (no amulet)
HPRegen 1.21/turn               u - +6 ring of dexterity
MPRegen 0.12/turn               J - +6 ring of dexterity

@: strong-willed, under a protective aura, regenerating
A: sickness immunity, AC +8, negative energy resistance 1, electricity
resistance, torment resistance 1, petrification resistance
a: Renounce Religion, Berserk, Trog's Hand, Brothers in Arms


You were on level 10 of the Dungeon.
You worshipped Trog.
Trog was greatly pleased with you.
You visited 2 branches of the dungeon, and saw 11 of its levels.
You also visited: Ossuary and Bailey.

You collected 642 gold pieces.
You spent 142 gold pieces at shops.

Inventory:

Hand Weapons
 a - a +2 flail of protection (weapon)
 j - a +0 sling
 l - a +0 morningstar
 x - a +0 war axe of flaming
 O - a +4 vorpal arbalest
Missiles
 e - 51 stones
 k - 16 javelins
 p - 6 curare-tipped darts
 s - 16 poisoned darts
 v - 22 boomerangs (quivered)
 D - a throwing net
 Q - 6 silver javelins
Armour
 b - a +0 scale mail (worn)
 c - a +0 buckler (worn)
 t - a +0 pair of gloves (worn)
 w - a +2 cloak (worn)
 z - the +0 plate armour of Hospitality {rC+ rN++ Int-5}
   (You found it on level 4 of the Dungeon)

   Int:       It affects your intelligence (-5).
   rC:        It protects you from cold.
   rN:        It greatly protects you from negative energy.
 B - a +0 helmet (worn)
Jewellery
 u - a +6 ring of dexterity (left hand)
 E - a ring of resist corrosion
 J - a +6 ring of dexterity (right hand)
 P - a ring of willpower
Wands
 n - a wand of paralysis (5)
 q - a wand of polymorph (9)
 L - a wand of roots (7)
 R - a wand of light (3)
Scrolls
 g - 5 scrolls of teleportation {unknown}
 h - 5 scrolls of enchant weapon {unknown}
 i - 4 scrolls of vulnerability
 m - 2 scrolls of poison
 r - 3 scrolls of blinking
 y - 2 scrolls of immolation
 S - a scroll of enchant armour
 V - a scroll of amnesia {unknown}
Potions
 d - 3 potions of might
 f - 2 potions of magic {unknown}
 o - 2 potions of resistance
 A - 4 potions of mutation
 C - 4 potions of heal wounds
 G - 2 potions of brilliance {unknown}
 H - a potion of haste {unknown}
 I - 2 potions of curing {unknown}
 K - 3 potions of attraction {unknown}
 M - a potion of lignification {unknown}
 N - 3 potions of flight
 T - a potion of invisibility {unknown}
 U - a potion of cancellation {unknown}


   Skills:
 + Level 6.7 Fighting
 * Level 11.2 Maces & Flails
 + Level 3.0 Throwing
 * Level 11.0 Armour
 + Level 3.6 Dodging
 + Level 2.3 Stealth
 * Level 8.0 Shields


You had 10 spell levels left.
You didn't know any spells.
Your spell library contained the following spells:

 Spells                   Type           Power      Damage    Failure   Level
 Fireball                 Conj/Fire      0%         3d3       100%        5
 Starburst                Conj/Fire      0%         6d3       100%        6
 Ignition                 Fire           0%         3d3       100%        8


Dungeon Overview and Level Annotations

Branches:
Dungeon (10/15)            Temple (1/1) D:4            Lair (0/5) D:8
Ossuary (visited)          Bailey (visited)
    Orc: D:9-12

Altars:
Ashenzari
Cheibriados
Dithmenos
Elyvilon
Fedhas
Gozag
Hepliaklqana
Kikubaaqudgha
Makhleb
Nemelex Xobeh
Okawaru
Qazlal
Sif Muna
Trog
Uskayaw
Wu Jian
Yredelemnul
Zin

Shops:
D:3 *   D:8 *

Annotations:
D:10 Fannar


Innate Abilities, Weirdness & Mutations

You are immune to sickness and miasma.
Your stone body is resilient. (AC +8)
You are immune to poison.
You resist negative energy. (rN+)
You are resistant to electric shocks. (rElec)
You are resistant to unholy torment.
You are immune to petrification.


Message History

Your weapon exudes an aura of protection.
The hornet is lightly wounded.
The hornet stings you but does no damage.
You hit the hornet.
The hornet is moderately wounded.
You block the hornet's attack. The hornet barely misses you.
You hit the hornet.
The hornet is moderately wounded.
The hornet stings you.
* * * LOW HITPOINT WARNING * * *
You hit the hornet.
The hornet is heavily wounded.
The hornet barely misses you.
Fannar casts a spell.
Fannar blinks!
The hornet stings you.
* * * LOW HITPOINT WARNING * * *
Your skin crawls.
You feel strong-willed.
The hornet stings you but does no damage.
You completely miss the hornet.
The hornet is heavily wounded.
The hornet stings you but does no damage.
You sock the hornet!
The hornet is severely wounded.
The hornet barely misses you. The hornet closely misses you.
You sock the hornet!
You kill the hornet!
Trog accepts your kill.
You hit the gargoyle but do no damage. You block the gargoyle's attack.
You hit the gargoyle but do no damage. The gargoyle barely misses you.
You hit the gargoyle but do no damage.
The gargoyle hurls a stone arrow at you.
The stone arrow misses you.
You hit the gargoyle but do no damage.
The gargoyle hits you but does no damage.
You sock the gargoyle!
The gargoyle is moderately damaged.
The gargoyle hurls a stone arrow at you.
The stone arrow hits you!
You die...

.... #.. .... #.. ....########
######.. ...........#####
#...##.. ...............#
#...##.. ...............#
#...##.. .............§.#
#...##..
............Y§§###########...##..
...........e.§Y9@§§......'...'..>
.....####....§e###########...##..
...... #....§.§... #...##..
.9.... +........... .........
..... #............ ########..
.... .............. .....
......##....... ####.
......##....... ... .....


You could see Fannar, a gargoyle and an ice beast (summoned).

Vanquished Creatures
  3 two-headed ogres
  An orc knight (Bailey)
  An ugly thing (D:10)
  Joseph (D:10)
  A hornet (D:10)
  A slime creature (D:7)
  Sigmund (D:2)
  A shadow (D:7)
  A wyvern (D:9)
  6 yaks
  A water moccasin (D:5)
  12 orc warriors
  3 black bears
  2 sky beasts (D:7)
  2 ogres (D:4)
  7 centaurs
  3 phantoms
  2 kobold brigands
  2 gnoll sergeants
  Blork the orc (D:6)
  3 necrophages
  6 bullfrogs
  4 scorpions
  A water moccasin zombie (Ossuary)
  3 wights (D:8)
  A wyvern zombie (Ossuary)
  6 killer bees (D:9)
  2 bullfrog zombies (Ossuary)
  A jelly (D:5)
  2 centaur zombies (Ossuary)
  Crazy Yiuf (D:3)
  8 orc priests
  4 hounds
  Natasha (D:2)
  An iguana (D:6)
  11 orc wizards
  A killer bee zombie (Ossuary)
  20 mummies
  2 howler monkey zombies (Ossuary)
  10 gnolls
  10 adders
  2 shadow imps (D:5)
  A white imp (D:7)
  An ufetubus (D:7)
  2 worms
  4 dart slugs
  41 orcs
  8 endoplasms
  A giant cockroach (D:1)
  15 goblins
  6 hobgoblins
  4 jackals (D:1)
  30 kobolds
  A quokka (D:2)
  7 ball pythons
  3 bats
  5 frilled lizards
  2 hobgoblin zombies (D:5)
  3 rats
  A spectral kobold (D:5)
287 creatures vanquished.

Vanquished Creatures (others)
  2 fungi (D:2)
  4 plants (D:2)
  9 withered plants (Ossuary)
15 creatures vanquished.

Grand Total: 302 creatures vanquished

Notes
Turn   | Place    | Note
-------+----------+-------------------------------------------
     0 | D:1      | KittyFluff the Gargoyle Fighter began the quest for the
                  | Orb.
     0 | D:1      | Reached XP level 1. HP: 14/14 MP: 1/1
   276 | D:1      | Reached XP level 2. HP: 19/19 MP: 2/2
   842 | D:1      | Reached XP level 3. HP: 19/23 MP: 3/3
  1054 | D:2      | Found a faded altar of an unknown god.
  1211 | D:2      | Reached XP level 4. HP: 9/29 MP: 4/4
  1532 | D:2      | Noticed Natasha
  1539 | D:2      | Killed Natasha
  1701 | D:2      | Noticed Sigmund
  1723 | D:2      | Killed Sigmund
  1724 | D:2      | Reached skill level 5 in Armour
  1724 | D:2      | Reached XP level 5. HP: 20/33 MP: 5/5
  1724 | D:2      | Reached XP level 6. HP: 23/38 MP: 6/6
  1770 | D:2      | Identified the +7 dagger of Ruination {vorpal, *Slow Int+5}
  2238 | D:3      | Found Rajie's Assorted Antiques.
  2670 | D:3      | Found a runed translucent door.
  2671 | D:3      | Noticed Crazy Yiuf
  2687 | D:3      | Killed Crazy Yiuf
  2836 | D:4      | Found a shadowy altar of Dithmenos.
  2947 | D:4      | Found a staircase to the Ecumenical Temple.
  2970 | Temple   | Entered the Ecumenical Temple
  2975 | Temple   | Became a worshipper of Trog the Wrathful
  3115 | D:4      | Reached XP level 7. HP: 39/43 MP: 7/7
  3156 | D:4      | Identified the +0 plate armour of Hospitality {rC+ rN++
                  | Int-5}
  3351 | D:4      | Reached skill level 5 in Maces & Flails
  4000 | D:4      | Reached skill level 1 in Dodging
  4000 | D:4      | Reached skill level 1 in Stealth
  4340 | D:5      | Entered Level 5 of the Dungeon
  4340 | D:5      | Found an ornate altar of the Wu Jian Council.
  4637 | D:4      | Reached XP level 8. HP: 9/48 MP: 8/8
  4949 | D:5      | Found a sparkling altar of Nemelex Xobeh.
  4982 | D:5      | Found a sand-covered staircase.
  5012 | D:5      | Reached * piety under Trog
  5030 | Ossuary  | Entered an ossuary
  5206 | Ossuary  | Reached skill level 1 in Throwing
  6365 | D:5      | Found a hazy altar of Hepliaklqana.
  6511 | D:5      | Found a burning altar of Makhleb.
  6516 | D:5      | Reached XP level 9. HP: 53/53 MP: 9/9
  6530 | D:5      | Reached ** piety under Trog
  6683 | D:5      | Reached skill level 5 in Fighting
  7104 | D:5      | Reached skill level 5 in Shields
  7251 | D:6      | Noticed a two-headed ogre
  7270 | D:6      | Killed a two-headed ogre
  7539 | D:6      | Found a basalt altar of Yredelemnul.
  7539 | D:6      | Found a broken altar of Ashenzari.
  7539 | D:6      | Found a white marble altar of Elyvilon.
  7627 | D:6      | Reached XP level 10. HP: 52/60 MP: 10/10
  7680 | D:6      | Noticed Blork the orc
  7688 | D:6      | Killed Blork the orc
  7756 | D:6      | Found a snail-covered altar of Cheibriados.
  8869 | D:7      | Reached *** piety under Trog
  8912 | D:7      | Reached skill level 10 in Armour
  9227 | D:8      | Found Weohiff's General Store.
  9346 | D:8      | Found a flagged portal.
  9388 | Bailey   | Entered a bailey
  9398 | Bailey   | Noticed an orc knight
  9731 | Bailey   | Killed an orc knight
  9739 | Bailey   | Reached skill level 10 in Maces & Flails
  9760 | Bailey   | Reached **** piety under Trog
 10162 | D:8      | Bought a scroll of identify for 30 gold pieces
 10162 | D:8      | Bought a scroll of enchant armour for 112 gold pieces
 10377 | D:8      | Reached XP level 11. HP: 58/65 MP: 11/11
 10463 | D:8      | Found an ancient bone altar of Kikubaaqudgha.
 10463 | D:8      | Found a glowing silver altar of Zin.
 10464 | D:8      | Found a shimmering blue altar of Sif Muna.
 10497 | D:8      | Found a blossoming altar of Fedhas.
 10614 | D:8      | Found a staircase to the Lair.
 11269 | D:9      | Found an opulent altar of Gozag.
 11291 | D:9      | Noticed a two-headed ogre
 11299 | D:9      | Killed a two-headed ogre
 12290 | D:9      | Noticed a two-headed ogre
 12299 | D:9      | Killed a two-headed ogre
 12630 | D:10     | Entered Level 10 of the Dungeon
 12805 | D:10     | Identified the +1 leather armour "Vauj" {Int+2}
 12985 | D:10     | Noticed Joseph
 12994 | D:10     | Noticed a white ugly thing
 13004 | D:10     | Killed a white ugly thing
 13011 | D:10     | Killed Joseph
 13217 | D:10     | Noticed Fannar
 13248 | D:10     | Killed from afar by a gargoyle

Illustrated notes

Levels and vault maps discovered:
D:1:      dpeg_arrival_oval, layout_basic
D:2:      layout_loops_ring, shapermc_ecumenical_altar_mp_ritualfount,
          uniq_natasha, uniq_sigmund
D:3:      layout_loops_ring, serial_shops, nicolae_shop_crystal,
          uniq_crazy_yiuf_cottage
D:4:      layout_basic, overflow_temple_1_default,
          minmay_temple_entry_proselytizer, minmay_checkerbox
D:5:      layout_cave_pods, nicolae_overflow_crystal_walls,
          nicolae_hepliaklqana_monster_ancestors, mainiacjoe_overflow_paths,
          lemuel_crystal_altar, nicolae_ossuary_entry_giza
D:6:      layout_basic, mainiacjoe_overflow_cross_hatched,
          chequers_temple_overflow_statue_of_worship, corexii_hall_statues_l,
          uniq_blork_the_orc
D:7:      minmay_opposing_rooms, layout_loops_cross
D:8:      layout_loops_ring, nicolae_overflow_quartered_altars,
          dpeg_oklobed_lair, enter_bailey_3, serial_shops, shop
D:9:      layout_cave_pods, grunt_gozag_breadcrumbs
D:10:     layout_basic, hiddenorc2_lemuel, nicolae_blasting_shop, uniq_fannar,
          uniq_joseph, uniq_sonja, uniq_grum
Temple:   nicolae_temple_bog_church

Skill      XL: |  1  2  3  4  5  6  7  8  9 10 11 |
---------------+----------------------------------+-----
Armour         | 4 5 6 8 9 10 11 | 11.0
Maces & Flails | 4 5 7 8 10 11 | 11.2
Fighting       | 4 5 6 |  6.7
Dodging        | 1 2 3 |  3.6
Stealth        | 1 2 |  2.3
Shields        | 4 5 6 8 |  8.0
Throwing       | 1 2 3 |  3.0

Action                   |  1- 3 |  4- 6 |  7- 9 | 10-12 || total
-------------------------+-------+-------+-------+-------++-------
Melee: Flail             |   108 |    96 |   509 |   472 ||  1185
       Morningstar       |       |       |       |   152 ||   152
Throw: Stone             |     2 |     2 |    19 |     1 ||    24
       Dart              |       |     3 |       |       ||     3
       Boomerang         |       |       |       |   104 ||   104
Invok: Berserk           |       |       |       |     2 ||     2
       Trog's Hand       |       |       |       |     1 ||     1
  Use: Scroll            |       |       |     7 |     6 ||    13
       Potion            |       |       |       |     1 ||     1
 Stab: Distracted        |       |       |     1 |     1 ||     2
Armor: Scale mail        |    53 |    52 |   314 |   338 ||   757
Dodge: Dodged            |    36 |    44 |   198 |   313 ||   591
Block: Buckler           |    25 |    25 |   110 |   192 ||   352
